Map: Dusty Gorge

Players

MooEsqoo

  • Race: Protoss Protoss
  • Spawn Location: 3:00

A.I. 1 (Elite)

  • Race: Zerg Zerg
  • Spawn Location: 5:00

A.I. 2 (Very Hard)

  • Race: Protoss Protoss
  • Spawn Location: 11:00

A.I. 3 (Very Hard)

  • Race: Terran Terran
  • Spawn Location: 9:00

VOD

Have the link to the VOD?

Description

Time

  • Played on: Jan. 17, 2020, 2:23 a.m.
  • Length: 8:01
Show
View Real Time Build Order
Export as new Build Order

MooEsqoo Protoss 

Build Orders: 1 Gate Expand 

Get SALT Encoding   

  12  0:03  Probe  
  13  0:16  Pylon  
  13  0:24  Probe  
  14  0:37  Gateway  
  14  0:42  Assimilator  
  14  0:45  Probe  
  15  1:05  Probe (Chrono Boost)  
  16  1:18  Probe (Chrono Boost)  
  17  1:24  Probe (Chrono Boost)  
  18  1:33  Nexus  
  18  1:44  Cybernetics Core  
  18  1:53  Probe  
  19  2:05  Probe  
  20  2:18  Probe  
  20  2:21  Pylon  
  21  2:26  Stalker  
  21  2:27  Warp Gate  
  21  2:28  Assimilator  
  23  2:39  Probe  
  24  2:48  Stargate  
  24  2:59  Gateway  
  24  3:15  Shield Battery  
  21  3:36  Stalker (Chrono Boost)  
  22  4:04  Oracle (Chrono Boost)  
  25  4:23  Shield Battery  
  25  4:29  Stalker  
  27  4:32  Zealot  
  27  4:57  Stalker x2  
  18  5:21  Stalker  
  18  5:23  Zealot  
  22  5:29  Probe x2  
  24  5:41  Probe x2  
  26  5:45  Stalker x2  
  30  5:58  Probe x2  
  32  6:09  Oracle  
  32  6:10  Probe x2  
  37  6:20  Stalker  
  39  6:36  Probe x2  
  41  6:40  Assimilator  
  41  6:44  Assimilator  
  41  6:48  Probe x2  
  41  6:50  Pylon  
  43  7:00  Probe x2  
  45  7:10  Stalker x2  
  45  7:12  Probe  
  45  7:13  Probe  
  54  7:22  Pylon  
  51  7:23  Pylon  
  51  7:25  Pylon  
  51  7:27  Pylon  
  51  7:28  Pylon, Forge  
  51  7:30  Pylon  
  51  7:38  Twilight Council  
  51  7:40  Probe x2  
  57  7:52  Stalker  
  57  7:53  Stalker  
Show
View Real Time Build Order
Export as new Build Order

A.I. 1 (Elite) Zerg 

Build Orders: Pool First 

Get SALT Encoding   

  12  0:00  Drone  
  13  0:12  Overlord  
  13  0:17  Drone  
  14  0:30  Drone  
  14  0:31  Drone  
  14  0:34  Drone  
  17  0:48  Spawning Pool  
  17  0:50  Drone  
  17  1:12  Hatchery  
  17  1:15  Drone  
  17  1:19  Extractor  
  17  1:21  Extractor  
  17  1:23  Drone  
  16  1:28  Drone  
  16  1:32  Drone  
  18  1:38  Drone  
  19  1:49  Overlord  
  19  2:01  Queen  
  19  2:07  Zergling x2  
  22  2:12  Drone  
  23  2:29  Queen  
  25  2:37  Drone  
  25  2:41  Drone  
  27  2:44  Drone  
  27  2:49  Drone  
  29  3:02  Roach Warren  
  29  3:05  Drone  
  29  3:09  Drone  
  29  3:11  Zergling x2  
  31  3:15  Zergling x2  
  28  3:20  Zergling x2  
  28  3:25  Zergling x2  
  25  3:31  Zergling x2  
  22  3:38  Zergling x2  
  22  3:47  Zergling x2  
  22  3:53  Drone  
  21  4:03  Overlord  
  20  4:10  Zergling x2  
Show
View Real Time Build Order
Export as new Build Order

A.I. 2 (Very Hard) Protoss 

Build Orders: Zealot Archon 

Get SALT Encoding   

  12  0:01  Probe  
  13  0:13  Probe  
  14  0:20  Pylon  
  14  0:25  Probe  
  15  0:35  Probe  
  16  0:43  Probe  
  16  0:49  Assimilator  
  17  0:52  Probe, Gateway  
  18  1:00  Probe  
  18  1:02  Pylon  
  18  1:09  Probe  
  20  1:19  Probe  
  21  1:41  Probe, Gateway, Zealot  
  21  1:43  Cybernetics Core  
  24  1:53  Probe  
  24  1:54  Pylon  
  25  1:59  Zealot  
  25  2:05  Probe  
  28  2:19  Gateway  
  28  2:20  Warp Gate  
  28  2:26  Adept  
  28  2:29  Adept  
  32  2:38  Probe  
  32  2:40  Pylon  
  33  2:50  Probe  
  34  2:53  Adept  
  34  2:56  Adept  
  36  3:03  Probe  
  38  3:06  Adept  
  38  3:11  Pylon  
  40  3:16  Probe  
  40  3:19  Assimilator, Adept  
  43  3:29  Zealot  
  41  3:36  Zealot  
  43  3:46  Twilight Council  
  39  4:27  Templar Archives  
  35  4:39  Zealot  
  37  4:49  Nexus  
  37  5:04  High Templar x2  
  41  5:07  Stalker  
  41  5:12  Gateway  
  43  5:17  Archon  
  43  5:30  Stalker  
  43  5:33  Pylon  
  45  5:45  High Templar  
  47  6:01  Probe  
  47  6:02  Probe  
  49  6:12  Assimilator, Probe  
  49  6:14  Probe, High Templar  
  49  6:17  Assimilator, Archon  
  53  6:23  Probe  
  53  6:26  Probe  
  55  6:38  Probe x2  
  57  6:40  High Templar  
  59  6:50  Probe  
  59  6:51  Probe  
  61  6:55  High Templar  
  61  6:59  Probe, Archon  
  63  7:03  Probe  
  63  7:07  Probe  
  65  7:10  High Templar  
  65  7:15  Probe  
  69  7:16  Probe  
  69  7:17  Pylon  
  70  7:23  High Templar  
  70  7:27  Probe, Archon  
  73  7:35  Probe  
  74  7:37  High Templar  
  74  7:39  Probe  
  74  7:41  Forge  
  74  7:43  Pylon  
  77  7:47  Probe  
  77  7:51  High Templar  
  80  7:55  Archon  
  81  7:59  Forge  
Show
View Real Time Build Order
Export as new Build Order

A.I. 3 (Very Hard) Terran 

Build Orders:  

Get SALT Encoding   

  12  0:10  Supply Depot  
  12  0:13  SCV  
  13  0:33  Barracks  
  13  0:44  Barracks  
  13  1:00  Barracks  
  13  1:01  SCV  
  14  1:13  SCV  
  15  1:22  Marine  
  16  1:32  Barracks  
  16  1:33  Marine  
  17  1:40  Marine  
  18  1:47  Marine  
  18  1:51  Marine  
  20  1:57  Supply Depot  
  20  2:00  Marine  
  21  2:09  Marine x2  
  23  2:18  Marine  
  23  2:19  Marine  
  25  2:27  Marine x2  
  27  2:36  Marine  
  28  2:37  Marine  
  29  2:44  Marine  
  29  2:50  Supply Depot  
  29  2:51  Marine  
  31  2:59  Refinery  
  31  3:11  SCV  
  32  3:23  SCV  
  33  3:36  SCV  
  34  3:48  SCV  
  35  3:49  Refinery  
  35  4:00  SCV  
  36  4:05  Factory  
  36  4:12  SCV  
  37  4:24  SCV  
  37  4:31  Barracks Tech Lab  
  38  4:35  Barracks Tech Lab  
  38  4:36  SCV  
  38  4:47  Supply Depot  
  38  4:48  SCV  
  38  4:54  Starport, Marauder  
  36  5:00  Orbital Command  
  36  5:02  Marauder  
  36  5:05  Marine  
  36  5:09  Marine  
  36  5:14  Marine  
  37  5:23  Marine  
  37  5:24  Marauder  
  40  5:33  Marauder, SCV  
  43  5:41  Supply Depot  
  43  5:45  SCV  
  44  6:04  Stimpack, Marauder x2, Marine  
  46  6:09  Marine, Supply Depot  
  52  6:25  Marauder  
  52  6:36  Command Center  
  52  6:41  Marauder  
  52  6:44  Barracks Reactor  
  52  6:47  Marine  
  54  6:49  Marine  
  56  7:02  Factory Tech Lab  
  56  7:03  Marauder  
  58  7:12  Supply Depot  
  60  7:15  Marauder  
  60  7:20  Siege Tank  
  63  7:39  Supply Depot  
  63  7:45  Engineering Bay  
Tags
 
Add a new tag
Caveats
  • Supply blocks, unpowered buildings, or Contaminate may cause inaccurate times.
  • Supply counts are checked every 10 seconds.